 Dungeon Crawl Stone Soup version 0.27.0-1-g7a089689b8 (webtiles) character file.

Game seed: 11034212071329490011

51 x13thangelx the Grave Robber (level 3, 0/19 HPs)
             Began as a Deep Elf Necromancer on Aug 2, 2021.
             Was a Follower of Makhleb.
             Frozen to death by an endoplasm (1 damage)
             ... on level 2 of the Dungeon.
             The game lasted 00:08:38 (1988 turns).

x13thangelx the Grave Robber (Deep Elf Necromancer) Turns: 1988, Time: 00:08:39

Health: 0/19       AC:  4    Str:  5    XL:     3   Next: 58%
Magic:  1/10       EV: 13    Int: 20    God:    Makhleb [*.....]
Gold:   30         SH:  0    Dex: 17    Spells: 5/10 levels left

rFire    . . .     SeeInvis .   (no weapon)
rCold    . . .     Faith    .   (no shield)
rNeg     . . .     Spirit   .   a - +0 robe
rPois    .         Reflect  .   e - +2 hat
rElec    .         Harm     .   (no cloak)
rCorr    .         Rampage  .   (no gloves)
Will     ++...     Clarity  +   (no boots)
Stlth    ++........             (no amulet)
HPRegen  0.06/turn              (no ring)
MPRegen  0.12/turn              (no ring)

@: no status effects
A: agile 1, clarity, strong-willed 2
a: Renounce Religion


You were on level 2 of the Dungeon.
You worshipped Makhleb.
Makhleb was aware of your devotion.
You visited 1 branch of the dungeon, and saw 2 of its levels.

You collected 30 gold pieces.

Inventory:

Armour
 a - a +0 robe (worn)
 e - a +2 hat (worn)
Scrolls
 b - 2 scrolls of blinking {unknown}
 c - a scroll of immolation
 d - a scroll of enchant weapon {unknown}
 f - a scroll of vulnerability {unknown}
 g - a scroll of amnesia {unknown}


   Skills:
 + Level 2.4 Dodging
 + Level 2.4 Stealth
 + Level 4.0 Spellcasting
 + Level 5.9 Necromancy


You had 5 spell levels left.
You knew the following spells:

 Your Spells              Type           Power      Damage    Failure   Level
a - Pain                  Necr           100%       1d9       1%          1
b - Animate Skeleton      Necr           54%        N/A       1%          1
c - Vampiric Draining     Necr           13%        2d7       3%          3

Your spell library contained the following spells:

 Spells                   Type           Power      Damage    Failure   Level
 Animate Dead             Necr           13%        N/A       11%         4
 Agony                    Necr           27%        N/A       30%         5


Dungeon Overview and Level Annotations

Branches:
Dungeon (2/15)

Altars:
Makhleb

Shops:
D:1 :

Annotations:
D:2 Robin


Innate Abilities, Weirdness & Mutations

You are agile. (Dex +2)
You possess an exceptional clarity of mind.
You are highly strong-willed. (Will++)


Message History

The hobgoblin misses you.
Aiming: Pain (safe; 1% risk of failure)
Press: ? - help, Q - select action, (/) - cycle Shift-Dir - straight line, f/p - hobgoblin
Aim: a hobgoblin (almost dead, strong, chance to affect: 93%)
The hobgoblin writhes in agony!
You kill the hobgoblin!
Makhleb accepts your kill.
Aiming: Pain (safe; 1% risk of failure)
Press: ? - help, Q - select action, (/) - cycle Shift-Dir - straight line, f - goblin
Aim: a goblin, wielding a +0 dagger (strong, chance to affect: 93%)
The goblin writhes in agony.
You kill the goblin!
Makhleb accepts your kill.
Aiming: Pain (safe; 1% risk of failure)
Press: ? - help, Q - select action, (/) - cycle Shift-Dir - straight line, f - goblin
Aim: a goblin, wielding a +0 dagger (strong, chance to affect: 93%)
The goblin writhes in agony!
You kill the goblin!
Makhleb accepts your kill.
Aiming: Pain (safe; 1% risk of failure)
Press: ? - help, Q - select action, (/) - cycle Shift-Dir - straight line, f - Robin
Aim: Robin, wielding a +2 spear of freezing, wearing a +0 animal skin and wearing a +0 helmet (chance to affect: 89%) Robin writhes in agony!
Robin hits you from afar with a +2 spear of freezing!
* * * LOW HITPOINT WARNING * * *
Robin freezes you.
* * * LOW HITPOINT WARNING * * *
It was a potion of mutation.
You feel extremely strange.
Your thoughts seem clearer.
You feel agile.
You feel strong-willed.
You feel more strong-willed. Robin throws the goblin at you!
There are no items here.
Aiming: Pain (safe; 1% risk of failure)
Press: ? - help, Q - select action, (/) - cycle Shift-Dir - straight line, f/p - Robin
Aim: Robin, wielding a +2 spear of freezing, wearing a +0 animal skin and wearing a +0 helmet (heavily wounded, chance to affect: 89%) Robin barely resists.
The goblin misses you. Robin barely misses you. The endoplasm freezes you.
You are frozen.
You die...

.# #.# #.#
#..... ###.##
....g. #....#
#...J#
#####.†..#
†....#
#........#
)....#
#####.###....#
.....# #.....#
#...@###<....#
#.#####
#....Jg......#
#.#
#..g..).....##
#.#
#...........#
#.#
#####.......#
#.# #.......#
#.# #.......#
#.# #.......#
#.# #.....###


You could see Robin, an endoplasm and a goblin (strong).

Vanquished Creatures
  A gnoll (D:1)
  A worm (D:2)
  A dart slug (D:1)
  2 endoplasms (D:1)
  7 hobgoblins
  2 quokkas
  3 ball pythons
  2 frilled lizards (D:1)
  7 goblins
  5 kobolds (D:1)
  A rat (D:2)
32 creatures vanquished.

Vanquished Creatures (collateral kills)
  A ball python (D:1)
1 creature vanquished.

Vanquished Creatures (others)
  3 plants (D:1)
3 creatures vanquished.

Grand Total: 36 creatures vanquished

Notes
Turn   | Place    | Note
-------+----------+-------------------------------------------
     0 | D:1      | x13thangelx the Deep Elf Necromancer began the quest for
                  | the Orb.
     0 | D:1      | Reached XP level 1. HP: 10/10 MP: 6/6
     2 | D:1      | Learned a level 1 spell: Animate Skeleton
   145 | D:1      | Reached skill level 5 in Necromancy
   404 | D:1      | Reached XP level 2. HP: 10/15 MP: 5/8
   937 | D:1      | Found a faded altar of an unknown god.
   948 | D:1      | Became a worshipper of Makhleb the Destroyer
   948 | D:1      | Reached * piety under Makhleb
  1105 | D:1      | Reached XP level 3. HP: 13/19 MP: 3/10
  1456 | D:1      | Learned a level 3 spell: Vampiric Draining
  1678 | D:1      | Found Honees's Book Shoppe.
  1973 | D:2      | Noticed Robin
  1986 | D:2      | Gained mutation: You possess an exceptional clarity of
                  | mind. [potion of mutation]
  1986 | D:2      | Gained mutation: You are agile. (Dex +2) [potion of
                  | mutation]
  1986 | D:2      | Gained mutation: You are strong-willed. (Will+) [potion of
                  | mutation]
  1986 | D:2      | Gained mutation: You are highly strong-willed. (Will++)
                  | [potion of mutation]
  1988 | D:2      | Frozen to death by an endoplasm

Illustrated notes

Levels and vault maps discovered:
D:1:      denvon_arrival_planthouse, layout_basic, serial_shops,
          nicolae_square_shop, hellmonk_ecumenical_altar_blasted
D:2:      layout_basic, serial_shops, nicolae_shop_crystal, uniq_robin

Skill      XL: |  1  2  3 |
---------------+----------+-----
Necromancy     | 5 |  5.9
Spellcasting   | 4 |  4.0
Dodging        | |  2.4
Stealth        | |  2.4

Action                   || total
-------------------------++-------
 Cast: Pain              ||    57
       Animate Skeleton  ||     2
  Use: Scroll            ||     1
       Potion            ||     1
Armor: Robe              ||     1
Dodge: Dodged            ||     3
